cohdb
Replays
Latest Replays
All Replays
Popular Replays
Top Player Replays
Match Explorer
How It Works
Community
CoH3 Stats
Reddit
Sign in to upload your games and track your stats! →
Sign in with Steam
Match 46791055
Unlisted
Match 46791055
Overview
Messages
Build Orders
End
Panzergrenadier Squad
Selects Armored Support Battlegroup
250 Light Carrier
Panzergrenadier Squad
Construct Light Support Kompanie
Combat Half-tracks
Selects Superior Fire Drills
Panzergrenadier Squad
MG34 Team
Panzerjäger Mechanized Group
2.5-tonne Medical Truck
Panzergrenadier Squad
Construct Mechanized Kompanie
Selects Flammpanzer III Medium Tank
Construct Panzerarmee Kommand
Panzer III L Medium Tank
Selects Command Panzer IV F Medium Tank
Panzer III L Medium Tank
Selects Salvage Kits
Vehicle Survival Package
Command Panzer IV F Medium Tank
Emergency Repair Kits
254 Reconnaissance Tractor
Selects Panzer Storm
Panzer III L Medium Tank
Ismachu
Adult Asthma Is A Choice
Not Emily Willis™
MrBlueSteel
Jerking Hans
cumsader
0
0
Comments
sign in to comment!
No comments posted yet!